 Dungeon Crawl Stone Soup version 0.31-a0-112-gdf0485fa37 (webtiles) character file.

Game seed: 15952533439380391064

1910 NateTC the Thaumaturge (level 9, -12/55 HPs)
             Began as a Djinni Fire Elementalist on May 29, 2023.
             Mangled by a wyvern (17 damage)
             ... on level 6 of the Dungeon.
             The game lasted 00:16:17 (6188 turns).

NateTC the Thaumaturge (Djinni Fire Elementalist)   Turns: 6188, Time: 00:16:17

Health: -12/55     AC:  6    Str:  7    XL:     9   Next: 38%
Gold:   365        EV: 12    Int: 22    God:
                   SH:  0    Dex: 19

rFire   + + .        w - staff of poison "Yjad" {rPois rF+ Dex+2}
rCold   . . .        (no shield)
rNeg    . . .        a - +0 robe
rPois   ∞            p - +1 helmet
rElec   .            f - +0 cloak
rCorr   .            e - +0 pair of gloves
SInv    .            (boots unavailable)
Will    .....        (no amulet)
Stlth   ++           l - ring "Ecasupn" {MP+9 Int+2 Dex+2 Slay+3}
HPRegen 0.29/turn    g - ring of ice
MPRegen 0.00/turn

%: infuse magic (-13 HP)
@: flying
A: sickness immunity, fire resistance 2, cold vulnerability 1, float, innate
caster, HP casting, extra vitality 1
a: no special abilities


You were on level 6 of the Dungeon.
You visited 1 branch of the dungeon, and saw 6 of its levels.
You also visited: Sewer.

You collected 365 gold pieces.

Inventory:

Armour
 a - a +0 robe (worn)
 e - a +0 pair of gloves (worn)
 f - a +0 cloak (worn)
 p - a +1 helmet (worn)
Magical Staves
 w - the staff of poison "Yjad" (weapon) {rPois rF+ Dex+2}
   (You found it on level 5 of the Dungeon)

   [staff of poison]

   Base accuracy: +5 Base damage: 5 Base attack delay: 1.2 This weapon's minimum
   attack delay (0.6) is reached at skill level 12.
   Dex:       It affects your dexterity (+2).
   rF:        It protects you from fire.
   rPois:     It protects you from poison.
   It falls into the 'Staves' category.
   It is a one-handed weapon.
Jewellery
 c - a ring of positive energy
 g - a ring of ice (right hand)
 l - the ring "Ecasupn" (left hand) {MP+9 Int+2 Dex+2 Slay+3}
   (You found it on level 2 of the Dungeon)

   [ring of magical power]

   Int:       It affects your intelligence (+2).
   Dex:       It affects your dexterity (+2).
   Slay:      It affects your accuracy & damage with ranged weapons and melee
   (+3).
   MP:        It affects your magic capacity (+9).
 q - an amulet of regeneration
Wands
 j - a wand of charming (8)
 r - a wand of mindburst (9)
 t - a wand of flame (33)
Scrolls
 i - 4 scrolls of teleportation
 n - 2 scrolls of blinking
 o - 2 scrolls of identify
 y - 2 scrolls of summoning
Potions
 b - a potion of ambrosia
 d - 4 potions of invisibility
 h - 3 potions of degeneration
 k - 4 potions of might
 m - 3 potions of haste
 s - a potion of berserk rage
 u - 2 potions of magic
 x - a potion of brilliance {unknown}


   Skills:
 - Level 2.1 Dodging
 - Level 1.5 Stealth
 + Level 9.3 Spellcasting
 + Level 9.3 Conjurations
 + Level 9.3 Hexes
 + Level 9.3 Summonings
 + Level 9.3 Necromancy
 + Level 9.3 Translocations
 + Level 9.3 Transmutations
 + Level 9.3 Fire Magic
 + Level 9.3 Ice Magic
 + Level 9.3 Air Magic
 + Level 9.3 Earth Magic
 + Level 9.3 Poison Magic


You knew the following spells:

 Your Spells              Type           Power      Damage    Failure   Level
a - Foxfire               Conj/Fire      100%       2x1d9     1%          1
b - Scorch                Fire           100%       2d9       1%          2
c - Volatile Blastmotes   Fire/Tloc      100%       2d18      1%          3
d - Inner Flame           Hex/Fire       50%        N/A       1%          3
e - Flame Wave            Conj/Fire      50%        2d12      1%          4
f - Kiss of Death         Conj/Necr      100%       2d13      1%          1
g - Searing Ray           Conj           100%       2d8       1%          2
h - Stone Arrow           Conj/Erth      100%       3d13      1%          3
i - Olgreb's Toxic Radia  Pois           67%        N/A       1%          4
Your spell library was empty.

Dungeon Overview and Level Annotations

Branches:
Dungeon (6/15) Zot: 26919   Sewer (visited)
 Temple: D:4-7

Altars:
Fedhas
Makhleb
Okawaru
Yredelemnul
Zin

Annotations:
D:6 Pikel


Innate Abilities, Weirdness & Mutations

You are immune to sickness and miasma.
You are immune to poison.
Your flesh is very heat resistant. (rF++)
You are vulnerable to cold. (rC-)
You float through the air rather than walking.
You learn spells naturally, not from books.
Your magical power is your life essence.
You have superior vitality. (+4 MHP)


Message History

You kill the bullfrog!
The flame wave engulfs Pikel!
Pikel is moderately wounded.
The flame wave engulfs the orc!
You kill the orc!
* * * LOW HITPOINT WARNING * * *
You finish channelling waves of flame.
The sleepcap releases spores at you but does no damage.
Okay, then.
You feel better. The sleepcap misses you.
Pikel hits you with a +0 whip of freezing.
Pikel freezes you.
Casting: Flame Wave (dangerous; 1% risk of failure)
Confirm with . or Enter, or press ? or * to list all spells.
Casting: Flame Wave (dangerous; 1% risk of failure)
Press: ? - help, Dir - look around, f - activate A wave of flame ripples out!
The flame wave engulfs the sleepcap.
You destroy the sleepcap!
The flame wave engulfs Pikel!
Pikel is severely wounded. (Press . to intensify the flame waves.)
You hear a shout!
Pikel closely misses you.
A wave of flame ripples out!
The flame wave engulfs the wyvern!
The wyvern is moderately wounded.
The flame wave engulfs Pikel!
Pikel is almost dead.
The wyvern bites you!
* * * LOW HITPOINT WARNING * * *
Pikel hits you with a +0 whip of freezing.
* * * LOW HITPOINT WARNING * * *
Pikel freezes you.
* * * LOW HITPOINT WARNING * * *
A wave of flame ripples out!
The flame wave engulfs the wyvern.
The wyvern is heavily wounded.
The flame wave engulfs Pikel but does no damage.
Pikel is almost dead.
* * * LOW HITPOINT WARNING * * *
You finish channelling waves of flame.
The wyvern bites you!
You die...

########.# #.####
##†#######.....
#...#......#
#.?........# ..
#...#.####.###....
#####.# #........
#.####.###....
#.#)..l###....
#..###@....... #.#
##K##.### ..# .).
.##.# ## ). .. .


You could see Pikel and a wyvern.

Vanquished Creatures
  Sigmund (D:4)
  An ice beast (D:5)
  A centaur (D:5)
  An ogre (D:4)
  4 lemures (D:6)
  A phantom (D:5)
  2 kobold brigands
  Blork the orc (D:5)
  A bullfrog (D:6)
  3 scorpions
  A water moccasin zombie (D:4)
  5 hounds (D:5)
  2 jellies (D:5)
  A gnoll bouda (D:5)
  3 orc priests
  4 iguanas
  3 sleepcaps
  2 orc wizards (D:4)
  3 hound zombies (D:4)
  Robin (D:3)
  15 adders
  3 river rats (D:3)
  A white imp (D:5)
  An adder zombie (D:4)
  2 worms
  5 dart slugs
  14 orcs
  6 bats
  5 endoplasms
  5 giant cockroaches (D:3)
  5 hobgoblins
  8 jackals
  12 kobolds
  4 quokkas
  11 ball pythons
  3 frilled lizards (D:1)
  17 goblins
  9 rats
167 creatures vanquished.

Vanquished Creatures (others)
  798 foxfires
798 creatures vanquished.

Grand Total: 965 creatures vanquished

Notes
Turn   | Place    | Note
-------+----------+-------------------------------------------
     0 | D:1      | NateTC the Djinni Fire Elementalist began the quest for the
                  | Orb.
     0 | D:1      | NateTC set off with the following spells memorised:
                  | Foxfire, Scorch, Volatile Blastmotes, Inner Flame, Flame
                  | Wave.
     0 | D:1      | Reached XP level 1. HP: 15/15 MP: 0/0
   340 | D:1      | Reached XP level 2. HP: 19/21 MP: 0/0
  1050 | D:2      | Reached XP level 3. HP: 19/25 MP: 0/0
  1050 | D:2      | Learned a level 1 spell: Kiss of Death
  1375 | D:2      | Reached XP level 4. HP: 26/31 MP: 0/0
  1760 | D:2      | Identified the ring "Ecasupn" {MP+9 Int+2 Dex+2 Slay+3}
  1944 | D:3      | Found a glowing drain.
  1961 | D:3      | Reached XP level 5. HP: 21/35 MP: 0/0
  1961 | D:3      | Learned a level 2 spell: Searing Ray
  2069 | Sewer    | Entered a sewer
  2353 | Sewer    | Noticed a kobold brigand
  2363 | Sewer    | Killed a kobold brigand
  2364 | Sewer    | Reached skill level 5 in Spellcasting
  2364 | Sewer    | Reached skill level 5 in Conjurations
  2364 | Sewer    | Reached skill level 5 in Hexes
  2364 | Sewer    | Reached skill level 5 in Summonings
  2364 | Sewer    | Reached skill level 5 in Necromancy
  2364 | Sewer    | Reached skill level 5 in Translocations
  2364 | Sewer    | Reached skill level 5 in Transmutations
  2364 | Sewer    | Reached skill level 5 in Fire Magic
  2364 | Sewer    | Reached skill level 5 in Ice Magic
  2364 | Sewer    | Reached skill level 5 in Air Magic
  2364 | Sewer    | Reached skill level 5 in Earth Magic
  2364 | Sewer    | Reached skill level 5 in Poison Magic
  2364 | Sewer    | Reached XP level 6. HP: 33/40 MP: 0/0
  3061 | D:3      | Found a blossoming altar of Fedhas.
  3328 | D:3      | Noticed Robin
  3342 | D:3      | Killed Robin
  3680 | D:3      | Found a glowing silver altar of Zin.
  3919 | D:4      | Reached XP level 7. HP: 37/45 MP: 0/0
  3919 | D:4      | Learned a level 3 spell: Stone Arrow
  3992 | D:4      | Found a basalt altar of Yredelemnul.
  4151 | D:4      | Noticed Sigmund
  4155 | D:4      | Killed Sigmund
  4269 | D:4      | Reached XP level 8. HP: 32/50 MP: 0/0
  4647 | D:4      | Found an iron altar of Okawaru.
  4923 | D:5      | Entered Level 5 of the Dungeon
  4996 | D:5      | Noticed Blork the orc
  5003 | D:5      | Killed Blork the orc
  5254 | D:5      | Identified the staff of poison "Yjad" {rPois rF+ Dex+2}
  5365 | D:5      | Reached XP level 9. HP: 17/55 MP: 0/0
  5365 | D:5      | Learned a level 4 spell: Olgreb's Toxic Radiance
  5558 | D:5      | Found a burning altar of Makhleb.
  6178 | D:6      | Noticed Pikel
  6188 | D:6      | Mangled by a wyvern

Illustrated notes

Levels and vault maps discovered:
D:1:      psy_arrival_radial02, layout_loops_ring
D:2:      layout_basic
D:3:      layout_basic, fedhas_altar_3, zin_scriptorium, portal_sewer_entry_c,
          minivault_11, uniq_robin
D:4:      layout_loops_ring, nicolae_yredelemnul_corpse_copse,
          nicolae_overflow_crystal_walls, hangedman_decor_riveting, uniq_sigmund
D:5:      kennysheep_big_flooded_room, layout_cave_pools,
          mainiacjoe_overflow_boulevard, minmay_checkerbox, uniq_blork_the_orc
D:6:      layout_loops_ring, gammafunk_temple_overflow_wave,
          mainiacjoe_overflow_tiny_flanked, serial_shops, nicolae_stop_n_shop_1,
          uniq_pikel

Skill      XL: |  1  2  3  4  5  6  7  8  9 |
---------------+----------------------------+-----
Spellcasting   | 4 5 6 8 9 |  9.3
Conjurations   | 4 5 6 8 9 |  9.3
Hexes          | 4 5 6 8 9 |  9.3
Summonings     | 4 5 6 8 9 |  9.3
Necromancy     | 4 5 6 8 9 |  9.3
Translocations | 4 5 6 8 9 |  9.3
Transmutations | 4 5 6 8 9 |  9.3
Fire Magic     | 4 5 6 8 9 |  9.3
Ice Magic      | 4 5 6 8 9 |  9.3
Air Magic      | 4 5 6 8 9 |  9.3
Earth Magic    | 4 5 6 8 9 |  9.3
Poison Magic   | 4 5 6 8 9 |  9.3
Dodging        | |  2.1
Stealth        | |  1.5

Action                     |  1- 3 |  4- 6 |  7- 9 || total
---------------------------+-------+-------+-------++-------
  Melee: Unarmed           |       |     1 |       ||     1
   Cast: Foxfire           |    60 |   289 |   150 ||   499
         Scorch            |    10 |     7 |    39 ||    56
         Flame Wave        |       |     1 |    11 ||    12
         Searing Ray       |       |     2 |       ||     2
    Use: Scroll            |     5 |     9 |     5 ||    19
         Potion            |       |     1 |     2 ||     3
 Armour: Robe              |     3 |    14 |    20 ||    37
  Dodge: Dodged            |     8 |    22 |    28 ||    58

Table legend: (Time is in decaauts)
 A = Elapsed time spent in this place.
 B = Non-inter-level travel time spent in this place.
 C = Inter-level travel time spent in this place.
 D = Time resting spent in this place.
 E = Time spent auto-exploring this place.
 F = Levels seen in this place.
 G = Mean time per level.
                   A        B        C        D        E       F      G
               +--------+--------+--------+--------+--------+-----+--------+
         Total |   6184 |   6037 |    147 |    669 |   4277 |   7 |  883.4 |
       Dungeon |   5585 |   5438 |    147 |    669 |   3849 |   6 |  930.8 |
         Sewer |    598 |    598 |      0 |      0 |    428 |   1 |  598.0 |
               +--------+--------+--------+--------+--------+-----+--------+

Top non-repeatable levels by time:
     D:3: 1238 daAuts
     D:5: 1184 daAuts
     D:4: 1142 daAuts
     D:2: 976 daAuts
     D:1: 964 daAuts
   Sewer: 598 daAuts
     D:6: 79 daAuts
